 Dungeon Sprint DCSS version 0.24-a0-244-ga6a6ab7 (webtiles) character file.

Game seed: 10743179373298878034

627 MikeHunt the Martial Artist (level 7, -2/57 HPs)
             Began as a Black Draconian Monk on Apr 10, 2019.
             Was a Believer of Cheibriados.
             Succumbed to Sonja's poison
             ... in the Dungeon (Sprint I: "Red Sonja").
             The game lasted 00:03:04 (1100 turns).

MikeHunt the Martial Artist (Black Draconian Monk)  Turns: 1100, Time: 00:03:05

Health: -2/57      AC:  6    Str: 17    XL:     7   Next: 23%
Magic:  8/10       EV: 20    Int: 15    God:    Cheibriados [**....]
Gold:   297        SH:  0    Dex: 19    Spells: 6/6 levels left

rFire    . . .     SeeInvis .     - Unarmed
rCold    . . .     Gourm    .   (no shield)
rNeg     . . .     Faith    .   (armour unavailable)
rPois    .         Spirit   .   (helmet restricted)
rElec    +         Reflect  .   (no cloak)
rCorr    .         Harm     .   (no gloves)
MR       .....     NoTele   +   (no boots)
Stlth    ++........             (no amulet)
HPRegen  0.19/turn              (no ring)
MPRegen  0.12/turn              (no ring)

@: lethally poisoned (-2 -> -75), short of breath, very slow
A: breathe lightning, unfitting armour, electricity resistance, cold-blooded, AC
+6
a: Breathe Lightning, Bend Time, Renounce Religion


You were in the Dungeon.
You worshipped Cheibriados.
Cheibriados was pleased with you.
You were not hungry.

You visited 1 branch You collected 297 gold pieces.

Inventory:

Scrolls
 b - a scroll of identify {unknown}
 g - a scroll of blinking
Potions
 d - a potion of haste
 e - 2 potions of magic
Comestibles
 a - a ration


   Skills:
 - Level 3.2 Fighting
 - Level 9.8 Dodging
 - Level 1.7 Stealth
 + Level 11.4 Unarmed Combat
 + Level 4.6 Invocations


You had 6 spell levels left.
You didn't know any spells.
Your spell library was empty.

Dungeon Overview and Level Annotations

Branches:
Dungeon (1/1)

Altars:
Cheibriados
Dithmenos
Elyvilon
Fedhas
Gozag
Hepliaklqana
Kikubaaqudgha
Makhleb
Nemelex Xobeh
Okawaru
Qazlal
Ru
Sif Muna
Trog
Uskayaw
Vehumet
Wu Jian
Xom
Yredelemnul
Zin
The Shining One
Jiyva
Lugonu

Shops:
D ?

Annotations:
D Sonja


Innate Abilities, Weirdness & Mutations

You can breathe wild blasts of lightning.
Your glossy black scales are hard. (AC +6)
You cannot fit into any form of body armour.
You are resistant to electric shocks. (rElec)
You are cold-blooded and may be slowed by cold attacks.


Message History

Sonja is lightly wounded.
* * * LOW HITPOINT WARNING * * *
You feel sick.
You punch Sonja!
Your tail-slap misses Sonja.
Sonja is heavily wounded.
* * * LOW HITPOINT WARNING * * *
You feel very sick. Sonja barely misses you. Sonja hits you but does no damage.
You are more poisoned.
Sonja hits you but does no damage.
You are more poisoned.
Okay, then.
Unknown command.
You punch Sonja!
Your tail-slap misses Sonja.
Sonja is almost dead.
* * * LOW HITPOINT WARNING * * *
You feel very sick.
Sonja gestures wildly while chanting.
Sonja blinks!
You die...

#..#####'#####'#__#
#..####..#...#)####
#..#__####..##)#§§§
#..#_____##'#_.+§§§
#⌠⌠#_.∩...'.(._#≈≈§§
####_..__##_(#'##+##
#_____###§#.#
#########.###


+$@$+ #$K$# ##.## #+# You could see Sonja.

Vanquished Creatures
  A slime creature (D)
  Sigmund (D)
  A yak (D)
  An ogre (D)
  A jelly (D)
  Ijyb (D)
6 creatures vanquished.

Vanquished Creatures (others)
  A gargoyle (D)
1 creature vanquished.

Grand Total: 7 creatures vanquished

Notes
Turn   | Place    | Note
-------+----------+-------------------------------------------
     0 | D        | MikeHunt the Draconian Monk began the quest for the Orb.
     0 | D        | Reached XP level 1. HP: 19/19 MP: 1/1
     1 | D        | Noticed Ijyb
    38 | D        | Killed Ijyb
    38 | D        | Reached skill level 5 in Unarmed Combat
    38 | D        | Reached XP level 2. HP: 15/26 MP: 2/2
   219 | D        | Noticed an ogre
   226 | D        | Killed an ogre
   226 | D        | Reached skill level 7 in Unarmed Combat
   226 | D        | Reached XP level 3. HP: 6/31 MP: 3/3
   226 | D        | Reached XP level 4. HP: 7/38 MP: 4/4
   489 | D        | Noticed Sigmund
   513 | D        | Killed Sigmund
   513 | D        | Reached skill level 9 in Unarmed Combat
   513 | D        | Reached XP level 5. HP: 26/45 MP: 5/5
   645 | D        | Found a burning altar of Makhleb.
   645 | D        | Found a viscous altar of Jiyva.
   645 | D        | Found a shimmering altar of Xom.
   645 | D        | Found a corrupted altar of Lugonu.
   645 | D        | Noticed a slime creature
   647 | D        | Found an ornate altar of the Wu Jian Council.
   647 | D        | Found a deep blue altar of Sif Muna.
   649 | D        | Found a radiant altar of Vehumet.
   656 | D        | Reached XP level 6. HP: 28/51 MP: 6/6
   751 | D        | Killed a gargoyle
   806 | D        | Found Noquacs's Magic Scroll Emporium.
   806 | D        | Found an ancient bone altar of Kikubaaqudgha.
   806 | D        | Found a hazy altar of Hepliaklqana.
   806 | D        | Found a stormy altar of Qazlal.
   806 | D        | Found a hide-covered altar of Uskayaw.
   806 | D        | Found a blossoming altar of Fedhas.
   806 | D        | Found a bloodstained altar of Trog.
   806 | D        | Found an iron altar of Okawaru.
   806 | D        | Found a basalt altar of Yredelemnul.
   806 | D        | Found a glowing golden altar of the Shining One.
   806 | D        | Found a snail-covered altar of Cheibriados.
   806 | D        | Found a sacrificial altar of Ru.
   806 | D        | Found a glowing silver altar of Zin.
   806 | D        | Found a shadowy altar of Dithmenos.
   806 | D        | Found a white marble altar of Elyvilon.
   806 | D        | Noticed a yak
   807 | D        | Found an opulent altar of Gozag.
   815 | D        | Killed a yak
   815 | D        | Reached skill level 10 in Unarmed Combat
   816 | D        | Found a sparkling altar of Nemelex Xobeh.
   820 | D        | Became a worshipper of Cheibriados the Contemplative
   820 | D        | Reached * piety under Cheibriados
   820 | D        | Reached ** piety under Cheibriados
   900 | D        | Killed a slime creature
   900 | D        | Reached skill level 11 in Unarmed Combat
   900 | D        | Your scales start taking on a glossy black colour.
   900 | D        | Reached XP level 7. HP: 23/57 MP: 3/10
   900 | D        | Gained mutation: You are resistant to electric shocks.
                  | (rElec) [Black Draconian growth]
  1080 | D        | Noticed Sonja
  1100 | D        | Succumbed to Sonja's poison

Levels and vault maps discovered:
D:        dungeon_sprint_1 [red_sonja_temple_1, red_sonja_temple_small_1]

Skill      XL: |  1  2  3  4  5  6 |
---------------+-------------------+-----
Dodging        | 4 6 8 9 |  9.8
Unarmed Combat | 5 7 9 11 | 11.4
Invocations    | 4 |  4.6
Fighting       | |  3.2
Stealth        | |  1.7

Action                   |  1- 3 |  4- 6 |  7- 9 || total
-------------------------+-------+-------+-------++-------
Melee: Unarmed           |    41 |    40 |    10 ||    91
       Tailslap          |     3 |     9 |     1 ||    13
       Punch             |     1 |     4 |       ||     5
Invok: Bend Time         |       |     1 |     1 ||     2
 Abil: Breathe Lightning |       |       |     1 ||     1
  Use: Potion            |     1 |     2 |       ||     3
 Stab: Sleeping          |     1 |     2 |       ||     3
Armor: Skin              |     6 |     2 |     7 ||    15
Dodge: Dodged            |    14 |    13 |    27 ||    54

Table legend:
 A = Non-vault XP
 B = Vault XP
 C = Vault XP percentage of total XP
 D = Non-vault monster count
 E = Vault monster count
 F = Vault count percentage of total count
                 A         B        C        D         E       F
            +---------+---------+-------+---------+---------+-------
      Total |       0 |     896 | 100.0 |       0 |       6 | 100.0
            +---------+---------+-------+---------+---------+-------
          D |       0 |     896 | 100.0 |       0 |       6 | 100.0
            +---------+---------+-------+---------+---------+-------
